 Dungeon Crawl Stone Soup version 0.31-a0-1388-g4b2ba238e7 (webtiles) character file.

Game seed: 13414739021597176700

1257 olourkin the Skirmisher (level 8, -6/43 HPs)
             Began as a Kobold Hexslinger on Dec 24, 2023.
             Was an Initiate of Dithmenos.
             Mangled by a two-headed ogre
             ... wielding a +0 giant club
              (9 damage)
             ... on level 6 of the Dungeon.
             The game lasted 00:17:43 (5728 turns).

olourkin the Skirmisher (Kobold Hexslinger)         Turns: 5728, Time: 00:17:44

Health: -6/43      AC:  4    Str:  6    XL:     8   Next: 81%
Magic:  1/9        EV: 15    Int: 14    God:    Dithmenos [......]
Gold:   216        SH:  0    Dex: 19    Spells: 0/9 levels left

rFire   . . .        a - +1 sling
rCold   . . .        (no shield)
rNeg    . . .        c - +0 robe
rPois   +            z - +2 hat
rElec   .            (no cloak)
rCorr   .            (no gloves)
SInv    .            (no boots)
Will    +....        (no amulet)
Stlth   +++++        y - ring of wizardry
HPRegen 0.27/turn    t - ring of poison resistance
MPRegen 0.11/turn

%: wizardry (x1)
@: enlightened, flying
A: small, no large weapons, nightstalker 3
a: Renounce Religion


You were on level 6 of the Dungeon.
You worshipped Dithmenos.
Dithmenos was noncommittal.
You visited 2 branches of the dungeon, and saw 7 of its levels.

You collected 216 gold pieces.

Inventory:

Hand Weapons
 a - a +1 sling (weapon)
 b - a +1 short sword of flaming
 u - a +0 rapier
 A - a +2 whip of freezing
 I - a +3 dagger of draining
Missiles
 o - 5 datura-tipped darts
 v - 2 poisoned darts
Armour
 c - a +0 robe (worn)
 z - a +2 hat (worn)
Jewellery
 k - a ring of positive energy
 t - a ring of poison resistance (right hand)
 y - a ring of wizardry (left hand)
 H - a ring of resist corrosion
Wands
 w - a wand of quicksilver (12)
Scrolls
 d - a scroll of summoning {unknown}
 g - 3 scrolls of identify {unknown}
 h - 3 scrolls of enchant armour {unknown}
 i - a scroll of poison {!r}
 j - 2 scrolls of amnesia {unknown}
 l - a scroll of blinking {unknown}
 n - a scroll of fog {unknown}
 p - 2 scrolls of immolation {unknown}
 q - 3 scrolls of enchant weapon {unknown}
 r - 2 scrolls of teleportation {unknown}
 C - a scroll of vulnerability {unknown}
 D - a scroll of fear {unknown}
Potions
 e - 2 potions of curing
 f - a potion of magic {unknown}
 m - a potion of berserk rage {unknown}
 s - a potion of invisibility {unknown}
 x - a potion of enlightenment
 B - a potion of heal wounds {unknown}
 E - a potion of brilliance {unknown}
 F - a potion of attraction {unknown}
 G - a potion of might {unknown}


   Skills:
 - Level 1.1 Fighting
 * Level 10.6 Ranged Weapons
 - Level 2.4 Dodging
 + Level 7.8 Stealth
 - Level 1.1 Spellcasting
 + Level 3.9 Hexes
 - Level 1.0 Fire Magic


You couldn't memorise any spells.
You knew the following spells:

 Your Spells              Type           Power      Damage    Failure   Level
a - Ensorcelled Hibernat  Hex/Ice        12%        N/A       7%          2
u - Cause Fear            Hex            5%         N/A       21%         4
y - Sigil of Binding      Hex            11%        N/A       6%          3

Your spell library contained the following spells:

 Spells                   Type           Power      Damage    Failure   Level
 Jinxbite                 Hex            22%        N/A       3%          2
 Apportation              Tloc           0%         N/A       11%         1
 Freeze                   Ice            0%         1d3       11%         1
 Necrotise                Necr           0%         1d4       11%         1
 Sting                    Conj/Alch      0%         1d3       11%         1
 Summon Small Mammal      Summ           0%         N/A       11%         1
 Inner Flame              Hex/Fire       7%         N/A       12%         3
 Passwall                 Alch/Erth      0%         N/A       16%         2
 Frozen Ramparts          Ice            0%         1d1       30%         3
 Gell's Gravitas          Tloc           0%         N/A       30%         3
 Hailstorm                Conj/Ice       0%         3d5       30%         3
 Swiftness                Air            0%         N/A       30%         3
 Teleport Other           Tloc           0%         N/A       30%         3
 Dimensional Bullseye     Hex/Tloc       3%         N/A       41%         4
 Fireball                 Conj/Fire      1%         3d3       90%         5
 Dispersal                Tloc           0%         N/A       100%        6
 Dragon's Call            Summ           0%         N/A       100%        9


Dungeon Overview and Level Annotations

Branches:
Dungeon (6/15)             Temple (1/1) D:5

Altars:
Ashenzari
Cheibriados
Dithmenos
Elyvilon
Fedhas
Gozag
Hepliaklqana
Makhleb
Qazlal
Ru
Sif Muna
Uskayaw
Vehumet
Wu Jian
Xom
Yredelemnul
Zin
The Shining One


Innate Abilities, Weirdness & Mutations

You are small and have problems with some larger weapons.
You are completely attuned to the shadows.


Message History

Aiming: Quicksilver Bolt
Press: ? - help, Shift-Dir - straight line, f/p - bullfrog
Aim: a bullfrog (severely wounded, 64% to hit)
The bolt of dispelling energy hits the bullfrog!
You kill the bullfrog!
Dithmenos accepts your kill.
It was a potion of enlightenment.
You feel very buoyant.
You fly up into the air.
The two-headed ogre barely misses you.
The two-headed ogre hits you with a +0 giant spiked club!
* * * LOW HITPOINT WARNING * * *
Okay, then.
Casting: Ensorcelled Hibernation (safe; 7% risk of failure)
Confirm with . or Enter, or press ? or * to list all spells.
Aiming: Ensorcelled Hibernation (safe; 7% risk of failure)
Press: ? - help, Shift-Dir - straight line, f - two-headed ogre
Aim: a two-headed ogre, wielding a +0 giant club and a +0 giant spiked club (chance to affect: 23%)
The two-headed ogre resists with almost no effort.
The two-headed ogre misses you.
The two-headed ogre hits you with a +0 giant spiked club!
* * * LOW HITPOINT WARNING * * *
Casting: Ensorcelled Hibernation (safe; 7% risk of failure)
Confirm with . or Enter, or press ? or * to list all spells.
Casting: Cause Fear (quite dangerous; 21% risk of failure)
Press: ? - help, Dir - look around, f - activate The two-headed ogre resists with almost no effort.
The orc looks frightened!
Casting: Cause Fear (quite dangerous; 21% risk of failure)
Confirm with . or Enter, or press ? or * to list all spells.
Aiming: Ensorcelled Hibernation (safe; 7% risk of failure)
Press: ? - help, Shift-Dir - straight line, f - two-headed ogre
Aim: a two-headed ogre, wielding a +0 giant club and a +0 giant spiked club (chance to affect: 23%)
The two-headed ogre resists with almost no effort.
The two-headed ogre closely misses you.
The two-headed ogre completely misses you.
Casting: Ensorcelled Hibernation (safe; 7% risk of failure)
Confirm with . or Enter, or press ? or * to list all spells.
You don't have enough magic to cast this spell.
The two-headed ogre hits you with a +0 giant club!
You die...

......###..#
#'#.#......#.
.............
....###...#.
....##..### ###
....#.Oo# #<# #.#.#
#### #.#
.###.#.##.... ...#.#
.....#)O@.# #..#.#
.....##########..#.#
.....#.......##..#.#
.....#.#####.##..#.##
.....#.# #.##.....#
.....#.# #....#####
..>..#.# ######
.....#.####
.....#....#


You could see a two-headed ogre.

Vanquished Creatures
  Pikel (D:4)
  An ogre (D:5)
  A bullfrog (D:6)
  2 scorpions (D:5)
  2 howler monkeys (D:4)
  A jelly (D:5)
  3 hounds (D:4)
  Terence (D:2)
  An iguana (D:5)
  An orc wizard (D:5)
  7 gnolls
  7 adders
  A shadow imp (D:5)
  A white imp (D:5)
  A worm (D:2)
  3 dart slugs
  10 orcs
  10 ball pythons
  12 endoplasms
  3 giant cockroaches
  3 goblins
  9 hobgoblins
  2 jackals (D:3)
  2 quokkas
  7 bats
  3 frilled lizards
  9 kobolds
  3 rats
107 creatures vanquished.

Vanquished Creatures (others)
  A frilled lizard (D:3)
1 creature vanquished.

Grand Total: 108 creatures vanquished

Notes
Turn   | Place    | Note
-------+----------+-------------------------------------------
     0 | D:1      | olourkin the Kobold Hexslinger began the quest for the Orb.
     0 | D:1      | Reached XP level 1. HP: 12/12 MP: 2/2
    63 | D:1      | Reached skill level 3 in Ranged Weapons
   100 | D:1      | Reached XP level 2. HP: 13/16 MP: 3/3
   106 | D:1      | Reached skill level 1 in Stealth
   502 | D:1      | Reached XP level 3. HP: 20/20 MP: 4/4
   506 | D:1      | Reached skill level 4 in Ranged Weapons
   777 | D:2      | Found a shadowy altar of Dithmenos.
  1188 | D:2      | Reached XP level 4. HP: 15/25 MP: 5/5
  1329 | D:2      | Found a faded altar of an unknown god.
  1483 | D:2      | Reached skill level 5 in Ranged Weapons
  1859 | D:2      | Reached XP level 5. HP: 22/29 MP: 6/6
  1924 | D:2      | Noticed Terence
  1931 | D:2      | Killed Terence
  2924 | D:4      | Reached skill level 6 in Ranged Weapons
  2941 | D:4      | Reached XP level 6. HP: 34/34 MP: 7/7
  3071 | D:4      | Found a hazy altar of Hepliaklqana.
  3111 | D:4      | Noticed Pikel
  3124 | D:4      | Killed Pikel
  3125 | D:4      | Reached skill level 9 in Ranged Weapons
  3125 | D:4      | Reached XP level 7. HP: 38/38 MP: 8/8
  3125 | D:4      | Reached XP level 8. HP: 43/43 MP: 9/9
  3219 | D:4      | Learned a level 2 spell: Ensorcelled Hibernation
  3223 | D:4      | Learned a level 3 spell: Sigil of Binding
  3408 | D:4      | Found a burning altar of Makhleb.
  3841 | D:4      | Found an ornate altar of the Wu Jian Council.
  3857 | D:4      | Noticed a spectral centipede
  3857 | D:4      | Noticed a spectral black mamba
  3938 | D:5      | Entered Level 5 of the Dungeon
  3964 | D:5      | Found a hide-covered altar of Uskayaw.
  4493 | D:5      | Reached skill level 10 in Ranged Weapons
  4928 | D:5      | Learned a level 4 spell: Cause Fear
  5301 | D:5      | Found a staircase to the Ecumenical Temple.
  5308 | Temple   | Entered the Ecumenical Temple
  5408 | D:2      | Became a worshipper of Dithmenos the Shadowed
  5705 | D:6      | Noticed a two-headed ogre
  5725 | D:6      | HP: 2/43 [two-headed ogre/+0 giant club (13)]
  5728 | D:6      | Mangled by a two-headed ogre

Illustrated notes

Levels and vault maps discovered:
D:1:      dpeg_arrival_rooms_with_view, layout_basic, serial_glass,
          glass_columns_c, glass_columns_a
D:2:      layout_loops_ring, basic_altar, basic_ecumenical_altar,
          nicolae_grassy_gnolls, uniq_terence
D:3:      layout_basic
D:4:      minmay_chambers_of_twos, layout_cave_pools,
          pdpol_wu_jian_five_deadly_venoms, amcnicky_altar_gilded,
          lightli_temple_of_fire, serial_park_tiny_pond,
          kennysheep_generic_room_16, uniq_pikel
D:5:      layout_layer_cave, nicolae_overflow_crystal_walls,
          minmay_temple_entry_drinking_statues
D:6:      layout_basic
Temple:   nicolae_temple_ecumenical_triangle

Skill      XL: |  1  2  3  4  5  6  7  8 |
---------------+-------------------------+-----
Ranged Weapons | 3 4 5 6 9 10 | 10.6
Stealth        | 1 2 3 4 6 7 |  7.8
Fighting       | |  1.1
Dodging        | |  2.4
Spellcasting   | |  1.1
Hexes          | |  3.9
Fire Magic     | |  1.0

Action                     |  1- 3 |  4- 6 |  7- 9 || total
---------------------------+-------+-------+-------++-------
   Fire: Sling             |   127 |   159 |   153 ||   439
   Cast: Ensorcelled Hiber |       |       |     5 ||     5
         Cause Fear        |       |       |     1 ||     1
  Evoke: Wand              |       |     2 |     1 ||     3
    Use: Potion            |       |       |     2 ||     2
 Armour: Robe              |    28 |    35 |    48 ||   111
  Dodge: Dodged            |    40 |    67 |    79 ||   186

Table legend: (Time is in decaauts)
 A = Elapsed time spent in this place.
 B = Non-inter-level travel time spent in this place.
 C = Inter-level travel time spent in this place.
 D = Time resting spent in this place.
 E = Time spent auto-exploring this place.
 F = Levels seen in this place.
 G = Mean time per level.
                   A        B        C        D        E       F      G
               +--------+--------+--------+--------+--------+-----+--------+
         Total |   5761 |   5374 |    387 |   1184 |   3056 |   7 |  823.0 |
       Dungeon |   5756 |   5371 |    385 |   1184 |   3056 |   6 |  959.3 |
        Temple |      4 |      2 |      2 |      0 |      0 |   1 |    4.0 |
               +--------+--------+--------+--------+--------+-----+--------+

Top non-repeatable levels by time:
     D:5: 1541 daAuts
     D:2: 1308 daAuts
     D:4: 1093 daAuts
     D:3: 880 daAuts
     D:1: 815 daAuts
     D:6: 116 daAuts
  Temple: 4 daAuts
